Map: Dusk Towers

Players

LilDicky

  • Race: Terran Terran
  • League: Platinum

JCrossover - Winner!

  • Race: Terran Terran
  • League: Gold

VOD

http://www.twitch.tv/tumescentpie

Description

Time

  • Played on: Nov. 20, 2015, 11:41 a.m.
  • Length: 3:45
Show
View Real Time Build Order
Export as new Build Order

LilDicky Terran 

Build Orders: Command Center First (CC) 

Get SALT Encoding   

  12  0:03  SCV  
  13  0:15  SCV  
  13  0:20  Supply Depot  
  14  0:27  SCV  
  15  0:41  SCV  
  16  0:53  SCV  
  17  1:04  Command Center  
  17  1:06  SCV  
  18  1:16  Barracks  
  18  1:19  SCV  
  19  1:30  Refinery  
  19  1:31  SCV  
  20  1:43  SCV  
  21  1:57  SCV  
  22  2:03  Marine  
  22  2:04  Supply Depot  
  23  2:09  Orbital Command  
  23  2:16  Orbital Command  
  23  2:21  Marine  
  23  2:31  Factory  
  23  2:35  SCV  
  23  2:44  Marine  
  23  2:50  SCV  
  25  2:52  SCV, Barracks x2  
  25  3:07  Marine  
  25  3:13  Supply Depot  
  25  3:14  Hellion  
  26  3:25  Marine  
  27  3:31  SCV  
Show
View Real Time Build Order
Export as new Build Order

JCrossover Terran - Winner!

Build Orders:  

Get SALT Encoding   

  12  0:01  SCV  
  13  0:17  Supply Depot  
  13  0:21  SCV  
  14  0:25  Refinery  
  14  0:33  SCV  
  15  0:42  Barracks  
  15  0:47  SCV  
  16  1:00  SCV  
  17  1:12  SCV  
  18  1:30  Reaper  
  18  1:31  Supply Depot  
  19  1:33  Barracks  
  19  1:35  Barracks  
  19  1:40  Refinery  
  19  1:43  SCV  
  20  1:55  SCV  
  21  2:02  Reaper  
  22  2:09  Orbital Command  
  24  2:22  Reaper x2  
  24  2:34  Reaper  
  24  2:36  SCV  
  26  2:47  Supply Depot  
  26  2:49  Supply Depot  
  26  2:53  SCV  
  26  2:54  Reaper  
  26  2:55  Reaper  
  29  3:05  SCV  
  29  3:09  Reaper  
  30  3:17  SCV  
  33  3:29  SCV  
Tags
 
Add a new tag
Caveats
  • Supply blocks, unpowered buildings, or Contaminate may cause inaccurate times.
  • Supply counts are checked every 10 seconds.